 Dungeon Crawl Stone Soup version 0.28-a0-1117-g0bdd5ba030 (webtiles) character file.

Game seed: 112037419508839643

0 spiderkeys the Skirmisher (level 1, 0/20 HPs)
             Began as a Djinni Abyssal Knight on Dec 12, 2021.
             Was a Follower of Lugonu.
             Slain by a white imp (2 damage)
             ... on level 1 of the Abyss.
             The game lasted 00:00:20 (102 turns).

spiderkeys the Skirmisher (Djinni Abyssal Knight)    Turns: 102, Time: 00:00:21

Health: 0/20       AC:  3    Str: 12    XL:     1   Next: 0%
Gold:   0          EV: 12    Int: 11    God:    Lugonu [*.....] SH:  0 Dex: 13

rFire   + + .      SeeInvis .   a - +1 falchion
rCold   x . .      Faith    .   (no shield)
rNeg    . . .      Spirit   .   b - +0 leather armour
rPois   ∞          Reflect  .   (no helmet)
rElec   .          Harm     .   (no cloak)
rCorr   .          Rampage  .   (no gloves)
Will    .....                   (boots unavailable)
Stlth   +.........              (no amulet)
HPRegen 0.06/turn               (no ring)
MPRegen 0.00/turn               (no ring)

@: flying
A: sickness immunity, fire resistance 2, cold vulnerability 1, float, innate
caster, hp casting, extra vitality 1
a: Renounce Religion, Depart the Abyss


You were on level 1 of the Abyss.
You worshipped Lugonu.
Lugonu was aware of your devotion.
You visited 0 branches of the dungeon, and saw 0 of its levels.
You visited the Abyss 1 time.


Innate Abilities, Weirdness & Mutations

You are immune to sickness and miasma.
You are immune to poison.
Your flesh is very heat resistant. (rF++)
You are vulnerable to cold. (rC-)
You float through the air rather than walking.
You learn spells naturally, not from books.
Your magical power is your life essence.
You have superior vitality. (+4 HP)


   Skills:
 + Level 3.0 Fighting
 + Level 1.7 Long Blades
 + Level 1.0 Armour
 + Level 2.1 Dodging
 + Level 1.7 Invocations


You couldn't memorise any spells.
You didn't know any spells.
Your spell library was empty.

Inventory:

Hand Weapons
 a - a +1 falchion (weapon)
Armour
 b - a +0 leather armour (worn)

Dungeon Overview and Level Annotations

Branches:
Dungeon (0/15)

Altars:

.. #. . ## # .
.. .. ..#### .
##.#.#@.#.#
#....#55.##
###.....#
####*X.###.#
#....#X# #..
#..#....##.#.#..
#...#####....# #
. .#
#....####....
#.##.... # ##


You could see a starcursed mass, a tentacled starspawn, a white imp and an
ufetubus.


Message History

🤖 Initializing magus.rc ... ✅ Successfully initialized magus.rc [v1.9.10] Welcome, spiderkeys the Djinni Abyssal Knight.
They say the Orb of Zot lies within this dungeon, but they say a lot of things.
Lugonu says: Depart the Abyss and spread corruption, my servant! (use the ability menu to exit the Abyss) Press ? for a list of commands and other information.
Found a corrupted altar of Lugonu.
Found a gateway leading out of the Abyss.
You reach down and open the door.
There is an open door here.
As you open the door, it creaks loudly!
There is an open door here.
A starcursed mass comes into view.
A starcursed mass splits.
A chorus of shrieks assaults your mind.
A starcursed mass splits.
You see here a scroll labelled NYRGHO DOW GIT CUNO. 😮 HP[-8]
You take 8 damage, and now have 12/20 hp.
MASSIVE DAMAGE!! (PAUSE)
As you read the scroll labelled NYRGHO DOW GIT CUNO, it crumbles to dust.
It is a scroll of identify.
You don't have any unidentified items.
A starcursed mass splits.
A chorus of shrieks assaults your mind.
* * * LOW HITPOINT WARNING * * *
😱 HP[-9]
You take 9 damage, and now have 3/20 hp.
MASSIVE DAMAGE!! (PAUSE) Unknown command.
A starcursed mass splits. 😱 HP[+1]
A starcursed mass splits.
A starcursed mass splits.
You see here a book of Maledictions.
A tentacled starspawn comes into view. 😱 HP[+1]
An ufetubus comes into view.
The ufetubus shouts!
A tentacled starspawn comes into view.
The ufetubus closely misses you. The ufetubus hits you.
* * * LOW HITPOINT WARNING * * *
😱 HP[-1]
You take 1 damage, and now have 4/20 hp.
Unknown command.
The ufetubus hits you.
* * * LOW HITPOINT WARNING * * *
The ufetubus hits you but does no damage. 😱 HP[-3]
You take 3 damage, and now have 1/20 hp.
The ufetubus barely misses you.
The ufetubus completely misses you. 😱 HP[+1] Tentacles burst from the starspawn's body!
The white imp closely misses you. 2 starspawn tentacles come into view.
The ufetubus hits you but does no damage.
The ufetubus closely misses you.
The white imp shouts, "Crawl home, thou rough-hewn fool-born blabberskite!"
The white imp barely misses you.
You barely miss the white imp. The ufetubus closely misses you.
The ufetubus barely misses you. The white imp hits you.
You die...

Action                   || total
-------------------------++-------
Melee: Falchion          ||     1
  Use: Scroll            ||     1
Armor: Leather armour    ||     2
Dodge: Dodged            ||     8

Levels and vault maps discovered:
Abyss:1:  base: Temple, base: Temple, minivault_13, gammafunk_corrupted_shrine

Notes
Turn   | Place    | Note
-------+----------+-------------------------------------------
     0 | Abyss:1  | spiderkeys the Djinni Abyssal Knight began the quest for
                  | the Orb.
     0 | Abyss:1  | Reached XP level 1. HP: 20/20 MP: 0/0
     0 | Abyss:1  | magus.rc [v1.9.10]
    61 | Abyss:1  | Noticed a starcursed mass
    63 | Abyss:1  | HP: 3/20 [starcursed mass/accursed screaming (9)]
    81 | Abyss:1  | Noticed a tentacled starspawn
    94 | Abyss:1  | Noticed a tentacled starspawn
    95 | Abyss:1  | HP: 4/20 [ufetubus (1)]
    97 | Abyss:1  | HP: 1/20 [ufetubus (3)]
   102 | Abyss:1  | Slain by a white imp

Vanquished Creatures (others)
  2 starspawn tentacles (Abyss:1)
2 creatures vanquished.

Table legend:
 A = Non-vault XP
 B = Vault XP
 C = Vault XP percentage of total XP
 D = Non-vault monster count
 E = Vault monster count
 F = Vault count percentage of total count
                 A         B        C        D         E       F
            +---------+---------+-------+---------+---------+-------
      Total |       0 |       0 |   N/A |       0 |       0 |  -nan
            +---------+---------+-------+---------+---------+-------
            +---------+---------+-------+---------+---------+-------

Illustrated notes

Table legend: (Time is in decaauts)
 A = Elapsed time spent in this place.
 B = Non-inter-level travel time spent in this place.
 C = Inter-level travel time spent in this place.
 D = Time resting spent in this place.
 E = Time spent auto-exploring this place.
 F = Levels seen in this place.
 G = Mean time per level.
                   A        B        C        D        E       F      G
               +--------+--------+--------+--------+--------+-----+--------+
         Total |    102 |    102 |      0 |      0 |     34 |   1 |  102.0 |
         Abyss |    102 |    102 |      0 |      0 |     34 |   1 |  102.0 |
               +--------+--------+--------+--------+--------+-----+--------+

Top non-repeatable levels by time:
 Abyss:1: 102 daAuts
